 Dungeon Crawl Stone Soup version 0.19-a0-816-geccf914 (webtiles) character file.

38770 MrRokkomies the Slicer (level 13, -1/103 HPs)
             Began as a Vampire Enchanter on June 29, 2016.
             Was the Champion of Lugonu.
             Impaled on a porcupine's spines (14 damage)
             ... on level 5 of the Lair of Beasts.
             The game lasted 00:59:06 (21941 turns).

MrRokkomies the Slicer (Vampire Enchanter)         Turns: 21941, Time: 00:59:07

Health: -1/103     AC: 12    Str: 10    XL:     13   Next: 65%
Magic:  13/22      EV: 17    Int: 28    God:    Lugonu [******]
Gold:   914        SH:  5    Dex: 15    Spells: 5 memorised, 7 levels left

rFire  x . .     SeeInvis +     a - +2 short sword (elec)
rCold  + . .     Gourm    .     y - +3 robe of Xurphuipu {rElec rPois rF- Int+6}
rNeg   + + .     Faith    .     M - +0 buckler
rPois  +         Spirit   .     W - +2 hat {SInv}
rElec  +         Dismiss  +     t - +1 cloak {+Inv}
rCorr  .         Reflect  .     I - +1 pair of gloves
SustAt .         Harm     .     L - +0 pair of boots
MR     +....                    d - amulet of dismissal
Stlth  +++++.....               (no ring)
                                Q - +3 ring of strength

@: regenerating slowly, somewhat resistant to hostile enchantments, quite
stealthy
A: fangs 3, see invisible, high mp 1, unbreathing
a: Bat Form, Depart the Abyss, Bend Space, Banish, Corrupt, Enter the Abyss,
Brand Weapon With Distortion, Renounce Religion, Evoke Invisibility


You were on level 5 of the Lair of Beasts.
You worshipped Lugonu.
Lugonu was exalted by your worship.
You were thirsty.

You visited 2 branches of the dungeon, and saw 16 of its levels.
You also visited: Labyrinth, Sewer and Ice Cave.

You collected 914 gold pieces.

Inventory:

Hand Weapons
 a - a +2 short sword of electrocution (weapon)
 G - a +0 blowgun
Missiles
 s - 8 tomahawks (quivered)
 x - 2 throwing nets
 H - 51 poisoned needles
Armour
 t - a +1 cloak of invisibility (worn)
 y - the +3 robe of Xurphuipu (worn) {rElec rPois rF- Int+6}
   (You found it on level 4 of the Lair of Beasts)

   It affects your intelligence (+6).
   It makes you vulnerable to fire.
   It insulates you from electricity.
   It protects you from poison.
 I - a +1 pair of gloves (worn)
 L - a +0 pair of boots (worn)
 M - a +0 buckler (worn)
 R - a +2 leather armour of magic resistance
 W - a +2 hat of see invisible (worn)
Magical Staves
 C - an uncursed staff of cold
Rods
 Y - a +6 rod of ignition (10/10)
   (You found it in a labyrinth)
 Z - a +0 lightning rod (11/11)
   (You found it in a labyrinth)
Jewellery
 b - an uncursed ring of positive energy
 d - an amulet of dismissal (around neck)
 w - an uncursed ring of ice
 Q - a +3 ring of strength (left hand)
 U - an uncursed ring of sustain attributes
Wands
 p - a wand of polymorph (15/24)
 v - a wand of heal wounds (7/9)
 D - a wand of lightning (9/15)
 O - a wand of lightning (3/15)
 P - a wand of lightning (7/15)
 S - a wand of iceblast (8/15)
 X - a wand of acid (11/15)
Scrolls
 g - 4 scrolls of enchant weapon
 i - 3 scrolls of torment
 k - 7 scrolls of remove curse
 l - 4 scrolls of recharging
 n - 3 scrolls of enchant armour
 r - 3 scrolls of teleportation
 A - 2 scrolls of fear
 F - 4 scrolls of identify
 N - a scroll of fog
Potions
 e - 4 potions of agility
 j - 4 potions of cure mutation
 m - a potion of magic
 o - 8 potions of might
 u - 10 potions of curing
 z - a potion of brilliance
 B - a potion of berserk rage
 E - 7 potions of flight
 K - a potion of haste
Books
 c - a book of Maledictions

   Spells                             Type                      Level
   a - Corona                         Hexes                        1
   b - Ensorcelled Hibernation        Hexes/Ice                    2
   c - Confuse                        Hexes                        3
   d - Tukima's Dance                 Hexes                        3
   e - Dazzling Spray                 Conjuration/Hexes            3
 h - a book of Frost

   Spells                             Type                      Level
   a - Freeze                         Ice                          1
   b - Throw Frost                    Conjuration/Ice              2
   c - Ozocubu's Armour               Charms/Ice                   3
   d - Throw Icicle                   Conjuration/Ice              4
   e - Summon Ice Beast               Ice/Summoning                4
 q - a book of Ice

   Spells                             Type                      Level
   a - Ice Form                       Ice/Transmutation            4
   b - Metabolic Englaciation         Hexes/Ice                    5
   c - Ozocubu's Refrigeration        Ice                          6
   d - Bolt of Cold                   Conjuration/Ice              6
   e - Freezing Cloud                 Conjuration/Ice/Air          6
   f - Simulacrum                     Ice/Necromancy               6
 J - a book of the Warp

   Spells                             Type                      Level
   a - Recall                         Summoning/Translocation      3
   b - Gell's Gravitas                Hexes/Translocation          3
   c - Force Lance                    Conjuration/Translocation    4
   d - Warp Weapon                    Charms/Translocation         5
   e - Summon Forest                  Summoning/Translocation      5
 V - a book of Minor Magic

   Spells                             Type                      Level
   a - Magic Dart                     Conjuration                  1
   b - Blink                          Translocation                2
   c - Call Imp                       Summoning                    2
   d - Repel Missiles                 Charms/Air                   2
   e - Slow                           Hexes                        2
   f - Conjure Flame                  Conjuration/Fire             3
   g - Mephitic Cloud                 Conjuration/Poison/Air       3
Miscellaneous
 T - a fan of gales


   Skills:
 - Level 10.0 Fighting
 - Level 10.6 Short Blades
 - Level 7.9 Dodging
 - Level 9.0 Stealth
 - Level 5.0 Shields
 * Level 4.8 Spellcasting
 - Level 10.3 Hexes
 - Level 6.0 Summonings
 * Level 9.0 Ice Magic
 - Level 8.1 Invocations


You had 7 spell levels left.
You knew the following spells:

 Your Spells              Type           Power        Failure   Level  Hunger
a - Confuse               Hex            ######..     1%          3    #......
b - Ensorcelled Hibernat  Hex/Ice        ######       1%          2    None
c - Tukima's Dance        Hex            ######..     1%          3    #......
d - Summon Ice Beast      Ice/Summ       #####...     3%          4    ###....
e - Repel Missiles        Chrm/Air       #.....       12%         2    None


Dungeon Overview and Level Annotations

Branches:
Dungeon (10/15)            Temple (0/1) D:4            Lair (6/6) D:10
 Shoals (0/4) Lair:3        Snake (0/4) Lair:3        Slime (0/5) Lair:5
    Orc (0/2) D:9

Altars:
Kikubaaqudgha
Ru
Trog
Zin
Lugonu

Shops:
D:8 =


Innate Abilities, Weirdness & Mutations

You heal slowly.
You have razor-sharp teeth.
You have supernaturally acute eyesight. (SInv)
You can survive without breathing.
You have an increased reservoir of magic. (+10% MP)


Message History

You are very lightly contaminated with residual magic.
As you read the scroll of blinking, it crumbles to dust.
There is an escape hatch in the ceiling here.
A mysterious force pulls you upwards. The hatch slams shut behind you.
A porcupine comes into view.
Casting: Summon Ice Beast
Confirm with . or Enter, or press ? or * to list all spells.
Aiming: Confuse
Press: ? - help, Shift-Dir - straight line, f - porcupine
Aim: a porcupine (hasn't noticed you, chance to defeat MR: 76%)
The porcupine appears confused.
Casting: Confuse
Confirm with . or Enter, or press ? or * to list all spells.
Aiming: Ensorcelled Hibernation
Press: ? - help, Shift-Dir - straight line, f/p - porcupine
Aim: a porcupine (confused, chance to defeat MR: 72%)
The porcupine struggles to resist.
Your magical contamination has completely faded away.
You are struck by the porcupine's spines.
You die...

#........##.#..>..
#........####.....
#.#.......##......
#.....†#.##......
###...###.####..#P.
#...P#...## #.....
#.......# #.....
##.......######....
#r@..>..#..##......
#.........#........
##........#........
##......P...###....
#...........# #....
##.........P# #....
#.......#.## #.P..
#.#P.###### ##..#.
##.....P# #.....


You could see a porcupine (confused).

Vanquished Creatures
  A minotaur (Lab)
  Erolcha (D:8)
  3 death yaks
  A hill giant (D:10)
  Pikel (D:8)
  8 black mambas
  Joseph (D:8)
  5 elephants (Lair:3)
  11 spiny frogs
  2 rime drakes
  7 komodo dragons
  17 polar bears
  Prince Ribbit (D:7)
  7 blink frogs
  44 yaks
  2 wyverns (Lair:5)
  6 hippogriffs
  2 hungry ghosts
  2 soldier ants (D:10)
  2 hell hounds (D:10)
  7 porcupines
  12 water moccasins
  4 phantoms
  A black bear (D:9)
  2 sky beasts
  22 wolves
  A necrophage (D:7)
  An ogre (D:7)
  A centaur (D:8)
  14 crocodiles
  4 big kobolds
  An earth elemental (Lab)
  13 giant frogs
  A gnoll sergeant (D:7)
  2 scorpions
  5 wights (D:9)
  An electric eel (Lair:1)
  2 howler monkeys
  A crimson imp (D:7)
  A centaur zombie (D:5)
  A giant frog skeleton (D:7)
  A jelly (D:10)
  4 centaur skeletons
  3 orc priests
  4 hounds
  3 orc wizards
  7 iguanas
  9 worker ants
  A killer bee zombie (D:9)
  19 sheep
  A hound skeleton (D:6)
  A howler monkey skeleton (D:9)
  14 adders
  3 gnolls (D:7)
  33 river rats
  A shadow imp (D:7)
  An adder zombie (D:9)
  An adder skeleton (D:8)
  A dart slug (D:2)
  3 worms
  10 giant geckos
  9 orcs
  4 giant cockroaches
  5 goblins
  6 hobgoblins
  4 quokkas
  7 ball pythons
  8 bats
  8 giant newts
  30 kobolds
  A quokka skeleton (D:4)
  28 rats
451 creatures vanquished.

Vanquished Creatures (collateral kills)
  2 death yaks (Lair:6)
  An ogre (D:8)
3 creatures vanquished.

Vanquished Creatures (others)
  A frost giant (IceCv)
  3 hydras
  The ghost of Gottschkopf the Protected, a novice MiFi (D:9)
  A dancing weapon (IceCv)
  2 slaves (D:8)
  A scorpion (D:8)
  A howler monkey skeleton (D:8)
  A giant gecko (D:8)
  A kobold (Sewer)
  A bush (Lair:6)
  8 fungi
  14 plants
35 creatures vanquished.

Grand Total: 489 creatures vanquished

Notes
Turn   | Place    | Note
--------------------------------------------------------------
     0 | D:1      | MrRokkomies the Vampire Enchanter began the quest for the Orb.
     0 | D:1      | Reached XP level 1. HP: 13/13 MP: 3/3
   361 | D:1      | You fall through a shaft!
   414 | D:2      | Reached XP level 2. HP: 19/19 MP: 5/5
   418 | D:2      | Learned a level 2 spell: Ensorcelled Hibernation
   473 | D:2      | Reached skill level 5 in Hexes
  1280 | D:2      | Reached XP level 3. HP: 24/24 MP: 6/6
  2239 | D:3      | Reached XP level 4. HP: 27/30 MP: 7/7
  2261 | D:3      | Learned a level 3 spell: Confuse
  2284 | D:3      | Found a faded altar of an unknown god.
  2313 | D:3      | Became a worshipper of Lugonu the Unformed
  2313 | D:3      | Reached * piety under Lugonu
  2313 | D:3      | Reached ** piety under Lugonu
  2646 | D:4      | Found a staircase to the Ecumenical Temple.
  2891 | D:5      | Entered Level 5 of the Dungeon
  3076 | D:5      | Reached XP level 5. HP: 19/35 MP: 8/8
  3722 | D:5      | Found a bloodstained altar of Trog.
  3725 | D:5      | Noticed a phantom
  3741 | D:5      | Killed a phantom
  3741 | D:5      | Reached skill level 5 in Short Blades
  3741 | D:5      | Reached XP level 6. HP: 33/41 MP: 6/9
  4179 | D:6      | Found a glowing drain.
  4223 | Sewer    | Entered a sewer
  4340 | Sewer    | Reached *** piety under Lugonu
  4363 | Sewer    | Reached XP level 7. HP: 31/46 MP: 1/10
  4931 | Sewer    | Reached **** piety under Lugonu
  5476 | D:6      | Learned a level 3 spell: Tukima's Dance
  5744 | D:7      | Found an ancient bone altar of Kikubaaqudgha.
  5859 | D:7      | Noticed Prince Ribbit
  5875 | D:7      | Killed Prince Ribbit
  5875 | D:7      | Reached skill level 10 in Hexes
  5875 | D:7      | Reached XP level 8. HP: 41/52 MP: 8/11
  6192 | D:7      | Reached skill level 1 in Invocations
  7026 | D:7      | Reached skill level 1 in Shields
  7182 | D:8      | Noticed Pikel
  7183 | D:8      | Noticed Erolcha
  7594 | D:8      | Killed Pikel
  7594 | D:8      | Reached XP level 9. HP: 57/57 MP: 7/12
  7603 | D:8      | Killed Erolcha
  7603 | D:8      | Reached skill level 5 in Invocations
  7824 | D:8      | Found Liofuzes's Jewellery Emporium.
  8113 | D:8      | Noticed Joseph
  8128 | D:8      | Killed Joseph
  8139 | D:8      | Reached skill level 10 in Short Blades
  8325 | D:8      | Found a glowing silver altar of Zin.
  8544 | D:9      | Noticed Gottschkopf's ghost (novice MiFi)
  8544 | D:9      | Banished Gottschkopf's ghost
  8659 | D:9      | Reached XP level 10. HP: 48/63 MP: 11/14
  8782 | D:9      | Reached ***** piety under Lugonu
  9015 | D:9      | Found a staircase to the Orcish Mines.
  9027 | D:9      | Learned a level 4 spell: Summon Ice Beast
  9143 | D:9      | Reached skill level 1 in Ice Magic
  9438 | D:10     | Entered Level 10 of the Dungeon
  9565 | D:10     | Noticed a hill giant
  9566 | D:10     | Found a staircase to the Lair.
  9577 | D:10     | Killed a hill giant
 10269 | Lair:1   | Entered Level 1 of the Lair of Beasts
 10269 | Lair:1   | Noticed a six-headed hydra
 10273 | Lair:1   | Banished a six-headed hydra
 10273 | Lair:1   | Reached skill level 5 in Shields
 10311 | Lair:1   | Reached skill level 1 in Fighting
 10355 | Lair:1   | Reached skill level 5 in Ice Magic
 10637 | Lair:1   | Reached skill level 1 in Summonings
 10637 | Lair:1   | Reached XP level 11. HP: 73/73 MP: 11/17
 10894 | Lair:1   | Reached skill level 5 in Stealth
 11693 | Lair:1   | Found a sacrificial altar of Ru.
 12353 | Lair:2   | Reached skill level 5 in Summonings
 12416 | Lair:2   | Found a frozen archway.
 12425 | IceCv    | Entered an ice cave
 12440 | IceCv    | Reached skill level 5 in Fighting
 13904 | IceCv    | Reached XP level 12. HP: 88/88 MP: 18/18
 14017 | IceCv    | Noticed a frost giant
 14529 | IceCv    | Banished a frost giant
 14529 | IceCv    | Reached skill level 5 in Dodging
 15536 | Lair:3   | Noticed an eight-headed hydra
 15537 | Lair:3   | Banished an eight-headed hydra
 15637 | Lair:3   | Noticed a death yak
 15639 | Lair:3   | Noticed a death yak
 15783 | Lair:3   | Found a staircase to the Snake Pit.
 15872 | Lair:3   | Found a labyrinth entrance.
 15879 | Lab      | Entered a labyrinth
 16906 | Lab      | Noticed a minotaur
 16914 | Lab      | Killed a minotaur
 16916 | Lab      | Got a steaming plate armour
 16980 | Lair:3   | Identified a +6 rod of ignition (10/10) (You found it in a labyrinth)
 17021 | Lair:3   | Noticed a death yak
 17024 | Lair:3   | Noticed a death yak
 17025 | Lair:3   | Noticed a five-headed hydra
 17736 | Lair:2   | Killed a death yak
 18243 | Lair:3   | Banished a five-headed hydra
 18384 | Lair:3   | Found a staircase to the Shoals.
 18420 | Lair:3   | Reached XP level 13. HP: 101/101 MP: 19/19
 18789 | Lair:4   | You fall through a shaft for 2 floors!
 18789 | Lair:6   | Entered Level 6 of the Lair of Beasts
 18845 | Lair:5   | Learned a level 2 spell: Repel Missiles
 18852 | Lair:5   | Found a staircase to the Slime Pits.
 18929 | Lair:5   | Identified the cursed +1 plate armour of Lihauput {+Blink rN+} (You took it off a minotaur in a labyrinth)
 18935 | Lair:5   | Gained mutation: You have an increased reservoir of magic. (+10% MP) [potion of beneficial mutation]
 19353 | Lair:4   | Got a brightly glowing robe
 19364 | Lair:4   | Identified the +3 robe of Xurphuipu {rElec rPois rF- Int+6} (You found it on level 4 of the Lair of Beasts)
 19891 | Lair:5   | Reached skill level 10 in Fighting
 20708 | Lair:5   | Noticed an acid blob
 20747 | Lair:6   | Reached ****** piety under Lugonu
 21941 | Lair:5   | Impaled on a porcupine's spines

Vault maps used:
D:1:      eino_arrival_druids_welcome, serial_bayou, serial_bayou_lagoon_a,
          serial_bayou_lake_a, serial_bayou_lagoon_b, serial_bayou_crossing,
          minmay_misc_feat_x
D:3:      ecumenical_altar_1
D:5:      first_bread, bloody_trog
D:6:      portal_sewer_entry_f
D:7:      lemuel_round_altar, uniq_prince_ribbit1
D:8:      basic_altar, serial_shops, nicolae_shop_behind_doors, uniq_erolcha,
          uniq_joseph, uniq_pikel
D:9:      orc_0_dummy, uniq_psyche
D:10:     minmay_lair_entry_lava, hangedman_pestilent_swarm
Lair:1:   beast_lair_carwin_large_2, basic_altar, infiniplex_staircase_pool
Lair:2:   portal_ice_cave_entry_pillars_1
Lair:3:   shoals_dummy_entry, minmay_snake_entry_six_corridors,
          lab_entry_generic, minivault_24, serial_bayou_shore_b,
          grunt_megastairs_4
Lair:4:   minivault_19
Lair:5:   slime_dummy, beast_lair_carwin_10
Lair:6:   due_jungle_book, wad_woods_road_03, grunt_megastairs_1,
          serial_bayou_shore_a, lemuel_fruit_fields
Lab:      labyrinth_mini_lab, nicolae_lab_stuck, nicolae_lab_garden,
          nicolae_lab_x, lab_hedge, nicolae_lab_lava
Sewer:    sewer_minmay_treatment
IceCv:    ice_cave_small_giant

Skill      XL: |  1  2  3  4  5  6  7  8  9 10 11 12 13 |
---------------+----------------------------------------+-----
Hexes          | 5 6 7 8 10 | 10.3
Short Blades   | 2 3 4 5 7 8 10 | 10.6
Invocations    | 4 6 8 |  8.1
Shields        | 2 3 5 |  5.0
Ice Magic      | 5 6 9 |  9.0
Fighting       | 2 6 9 10 | 10.0
Summonings     | 1 6 |  6.0
Stealth        | 8 9 |  9.0
Dodging        | 3 7 |  7.9
Spellcasting   | 4 |  4.8

Action                   |  1- 3 |  4- 6 |  7- 9 | 10-12 | 13-15 || total
-------------------------+-------+-------+-------+-------+-------++-------
Melee: Dagger            |   160 |   135 |    35 |       |       ||   330
       Bite              |    13 |    13 |    12 |   112 |    44 ||   194
       Short sword       |       |       |   223 |   945 |   395 ||  1563
Throw: Tomahawk          |       |       |       |       |     1 ||     1
 Cast: Ensorcelled Hiber |     5 |     4 |    14 |    59 |    27 ||   109
       Confuse           |       |     2 |     3 |    22 |     2 ||    29
       Tukima's Dance    |       |       |     7 |     4 |       ||    11
       Summon Ice Beast  |       |       |       |    12 |     8 ||    20
Invok: Banish            |       |       |     1 |    10 |       ||    11
       Bend Space        |       |       |       |     1 |       ||     1
 Abil: End Transformatio |       |       |       |     1 |       ||     1
       Bat Form          |       |       |       |     1 |       ||     1
Evoke: Wand              |       |       |       |     2 |       ||     2
  Use: Scroll            |     8 |    16 |     7 |     3 |     4 ||    38
       Potion            |     2 |       |       |    15 |     4 ||    21
 Stab: Sleeping          |    15 |     8 |    11 |    62 |    33 ||   129
       Distracted        |     1 |       |     1 |     6 |     1 ||     9
       Confused          |       |     3 |     1 |    14 |       ||    18
  Eat: Corpse            |     2 |     4 |     8 |    16 |     5 ||    35
Armor: Robe              |    53 |    39 |    63 |       |    24 ||   179
       Leather armour    |       |       |     9 |   187 |    17 ||   213
Dodge: Dodged            |   103 |    63 |   138 |   377 |   182 ||   863
Block: Buckler           |       |       |    15 |   166 |    54 ||   235
